 Dungeon Crawl Stone Soup version 0.24.0-123-gd5b16e6ec5 (webtiles) character file.

Game seed: 16409756757908594823, levelgen mode: deterministic

128424 Curus the Spry (level 17, -9/146 HPs)
             Began as a Merfolk Gladiator on Jan 23, 2020.
             Was the Champion of Okawaru.
             Mangled by a kraken (45 damage)
             ... on level 2 of the Shoals on Jan 24, 2020.
             The game lasted 02:24:54 (30397 turns).

Curus the Spry (Merfolk Gladiator)                 Turns: 30397, Time: 02:24:55

Health: -9/146     AC:  8    Str: 18    XL:     17   Next: 3%
Magic:  27/28      EV: 41    Int:  8    God:    Okawaru [******]
Gold:   1154       SH: 13    Dex: 21    Spells: 16/16 levels left

rFire    + . .     SeeInvis +   W - +3 demon trident (elec)
rCold    + + .     Gourm    .   F - +2 buckler {rC+}
rNeg     + . .     Faith    .   b - +0 troll leather armour
rPois    +         Spirit   .   M - -2 hat of the Alchemist {rElec rPois rF+ rC+ rN+ MR+ rMut rCorr}
rElec    +         Reflect  .   a - +2 cloak {+Inv}
rCorr    +         Harm     .   R - +1 pair of gloves {Str+3}
rMut     +                      (boots currently unavailable)
MR       +++..                  J - amulet of regeneration
Stlth    ++++......             e - ring of protection from magic
HPRegen  1.54/turn              L - ring of see invisible
MPRegen  0.21/turn

@: heroism, studying Staves, very quick
A: change form in water, swift swim, stealthy swim, horns 1, large bone plates
1, regeneration 1
a: Heroism, Finesse, Renounce Religion, Evoke Invisibility


You were on level 2 of the Shoals.
You worshipped Okawaru.
Okawaru was exalted by your worship.
You were not hungry.

You visited 5 branches of the dungeon, and saw 26 of its levels.
You also visited: Ossuary.

You collected 3032 gold pieces.
You spent 1878 gold pieces at shops.

Inventory:

Hand Weapons
 N - a +3 bardiche of electrocution
 W - a +3 demon trident of electrocution (weapon)
Missiles
 d - 6 throwing nets (quivered)
Armour
 a - a +2 cloak of invisibility (worn)
 b - a +0 troll leather armour (worn)
 y - a +1 pair of boots (melded)
 F - a +2 buckler of cold resistance (worn)
 M - the -2 hat of the Alchemist (worn) {rElec rPois rF+ rC+ rN+ MR+ rMut rCorr}
   (You found it on level 1 of the Shoals)

   It protects you from fire.
   It protects you from cold.
   It insulates you from electricity.
   It protects you from poison.
   It protects you from negative energy.
   It affects your resistance to hostile enchantments.
   It provides partial protection from all sources of acid and corrosion.
   It protects you from mutation.
 Q - a scarf of cloud immunity
 R - a +1 pair of gloves of strength (worn)
Jewellery
 e - a ring of protection from magic (left hand)
 g - an uncursed ring of protection from fire
 k - an uncursed ring of protection from fire
 r - an uncursed ring of protection from cold
 z - an uncursed amulet of rage {unknown}
 C - an uncursed amulet of inaccuracy
 G - an uncursed amulet of the gourmand
 J - an amulet of regeneration (around neck)
 K - an uncursed amulet of magic regeneration
 L - a ring of see invisible (right hand)
 V - an uncursed ring of ice
Wands
 h - a wand of acid (11)
 m - a wand of polymorph (9)
 o - a wand of random effects (14)
 p - a wand of flame (79)
 x - a wand of paralysis (17)
 O - a wand of disintegration (22)
 X - a wand of enslavement (7)
 Y - a wand of scattershot (5)
Scrolls
 i - 7 scrolls of teleportation
 j - 10 scrolls of remove curse
 l - a scroll of silence
 n - a scroll of summoning
 q - 2 scrolls of magic mapping
 u - 12 scrolls of identify
 v - 3 scrolls of fog
 I - 4 scrolls of amnesia
 S - 2 scrolls of blinking
Potions
 t - 4 potions of haste
 B - 2 potions of cancellation
 D - 3 potions of magic
 E - a potion of heal wounds
 H - 2 potions of might
 P - 2 potions of flight
 T - 5 potions of curing
 U - a potion of ambrosia
 Z - a potion of brilliance
Books
 c - a manual of Staves
Miscellaneous
 s - a phantom mirror
 w - a box of beasts
Comestibles
 f - 27 rations


   Skills:
 + Level 16.9(21.9) Fighting
 - Level 14.0(19.0) Polearms
 - Level 2.0(7.0) Throwing
 + Level 19.7(24.7) Dodging
 - Level 4.0(9.0) Shields
 - Level 8.1 Invocations
 - Level 14.9 Evocations


You had 16 spell levels left.
You didn't know any spells.
Your spell library contained the following spells:

 Spells                   Type           Power        Failure   Level  Hunger
 Animate Skeleton         Necr           N/A          45%         1    ##.....
 Apportation              Tloc           #.....       45%         1    ##.....
 Beastly Appendage        Tmut           #.....       45%         1    ##.....
 Confusing Touch          Hex            #.....       45%         1    ##.....
 Magic Dart               Conj           #...         45%         1    ##.....
 Sandblast                Erth           #.....       45%         1    ##.....
 Shock                    Conj/Air       #...         45%         1    ##.....
 Summon Small Mammal      Summ           #...         45%         1    ##.....
 Blink                    Tloc           N/A          61%         2    ###....
 Call Imp                 Summ           #.......     61%         2    ###....
 Passwall                 Tmut/Erth      #.......     61%         2    ###....
 Shroud of Golubria       Chrm/Tloc      #.....       61%         2    ###....
 Slow                     Hex            #.......     61%         2    ###....
 Sticks to Snakes         Tmut           #.......     61%         2    ###....
 Swiftness                Chrm/Air       #.......     61%         2    ###....
 Conjure Flame            Conj/Fire      #.......     83%         3    ####...
 Gell's Gravitas          Tloc           #.........   83%         3    ####...
 Lesser Beckoning         Tloc           #.........   83%         3    ####...
 Mephitic Cloud           Conj/Pois/Air  #.......     83%         3    ####...
 Recall                   Summ/Tloc      N/A          83%         3    ####...
 Spider Form              Tmut/Pois      #.........   83%         3    ####...
 Static Discharge         Conj/Air       #.......     83%         3    ####...
 Stone Arrow              Conj/Erth      #.....       83%         3    ####...
 Teleport Other           Tloc           #.......     83%         3    ####...
 Airstrike                Air            #.........   99%         4    #####..
 Ice Form                 Ice/Tmut       #.......     99%         4    #####..
 Passage of Golubria      Tloc           N/A          99%         4    #####..
 Petrify                  Tmut/Erth      #.......     99%         4    #####..
 Aura of Abjuration       Summ           #.........   100%        5    ######.
 Blade Hands              Tmut           #.........   100%        5    ######.
 Lee's Rapid Deconstruct  Erth           #.........   100%        5    ######.
 Lightning Bolt           Conj/Air       #.........   100%        5    ######.
 Metabolic Englaciation   Hex/Ice        #.........   100%        5    ######.
 Summon Demon             Summ           #.........   100%        5    ######.
 Summon Forest            Summ/Tloc      #.........   100%        5    ######.
 Summon Mana Viper        Hex/Summ       #.......     100%        5    ######.
 Bolt of Cold             Conj/Ice       #.........   100%        6    #######
 Freezing Cloud           Conj/Ice/Air   #.........   100%        6    #######
 Ozocubu's Refrigeration  Ice            #.........   100%        6    #######
 Shadow Creatures         Summ           N/A          100%        6    #######
 Simulacrum               Ice/Necr       #.........   100%        6    #######


Dungeon Overview and Level Annotations

Branches:
Dungeon (15/15)            Temple (1/1) D:6            Lair (6/6) D:10
 Shoals (2/4) Lair:2        Snake (0/4) Lair:3        Slime (0/5) Lair:5
    Orc (2/2) D:9             Elf (0/3) Orc:2        Vaults (0/5) D:14
 Depths (0/5) D:15        Ossuary (visited)

Altars:
Dithmenos
Elyvilon
Hepliaklqana
Makhleb
Okawaru
Qazlal
Ru
Trog
Uskayaw
Vehumet
Wu Jian
Yredelemnul
Beogh

Shops:
D:11 :*   D:14 [   Orc:2 =%*(   Shoals:2 *

Annotations:
Shoals:2 1 runed translucent door, tamionv's ghost, adept TrMo


Innate Abilities, Weirdness & Mutations

You revert to your normal form in water.
You are very nimble and swift while swimming.
You are very stealthy in the water. (Stealth+)
You have a pair of small horns on your head.
You are partially covered in large bone plates. (SH +4)
Your natural rate of healing is unusually fast.


Message History

The tentacle completely misses you. You block the tentacle's attack.
The tentacle misses you. The tentacle completely misses you.
The kraken barely misses you. The tentacle completely misses you.
You puncture the kraken!
You tail-slap the kraken, but do no damage.
The kraken is severely wounded.
The tentacle completely misses you. You block the tentacle's attack.
The tentacle closely misses you. The kraken completely misses you.
You block the tentacle's attack.
You hit the kraken but do no damage.
You tail-slap the kraken, but do no damage.
The kraken is severely wounded.
The tentacle completely misses you. x3; The kraken misses you.
You block the tentacle's attack.
You hit the kraken.
You headbutt the kraken, but do no damage.
The kraken is severely wounded.
The tentacle slaps you but does no damage. x2
The tentacle misses you. The kraken bites you!!!
You die...

.P≈≈≈≈≈
≈≈≈≈≈≈≈≈≈≈≈≈≈≈.
≈≈≈≈≈≈≈
#≈≈≈≈≈≈≈≈≈≈≈≈≈≈≈
≈≈≈≈≈≈≈
#≈≈≈≈≈≈≈≈≈≈≈≈≈≈≈
≈≈≈≈≈≈≈
#≈≈≈≈≈≈≈≈≈≈≈≈≈≈≈
≈≈.≈≈≈≈
#≈≈≈≈≈≈≈≈≈≈≈≈≈≈≈
.≈≈≈≈≈≈
#≈≈≈≈≈≈≈≈≈≈≈≈≈≈≈
.≈≈≈P≈≈
#≈≈≈≈≈≈wXw≈≈≈≈≈≈
≈≈≈≈≈≈≈
#≈≈≈≈≈≈≈@w≈≈≈≈≈.
≈≈≈≈≈≈≈
#≈≈≈≈≈≈w≈≈≈≈≈≈..
≈≈≈PP≈≈
#≈≈≈≈≈≈≈≈≈≈.....
≈P≈≈P≈≈
#≈≈≈≈≈≈≈≈≈≈..##.
.≈≈≈≈≈≈
#≈≈≈≈≈≈≈≈≈≈≈.#
.≈≈≈P≈≈
#≈≈≈≈≈≈≈≈≈≈....
≈≈P≈PP≈
#≈≈≈≈≈≈≈≈≈≈..≈..


.≈≈PPPP #≈≈≈≈≈≈≈≈≈≈≈≈... ..≈..PP #≈≈≈≈≈≈≈≈≈..≈..≈≈.......P You could see a
kraken and 4 tentacles.

Vanquished Creatures
  Frances (D:14)
  Gastronok (D:11)
  An orc warlord (Orc:1)
  2 vampire knights (D:13)
  Nessos (D:14)
  Azrael (Orc:2)
  An ettin (Orc:1)
  A merfolk javelineer (Shoals:1)
  A fire dragon (Lair:6)
  2 merfolk impalers (Shoals:1)
  A yaktaur captain (D:14)
  A merfolk avatar (Shoals:2)
  12 hydras
  A satyr (Shoals:2)
  12 two-headed ogres
  3 ogre magi (D:15)
  2 catoblepae (D:14)
  A centaur warrior (D:14)
  A tengu warrior (D:15)
  A death knight (D:14)
  2 death yaks
  2 orc high priests (Orc:1)
  Nergalle (D:10)
  4 sea snakes
  2 unseen horrors
  2 unseen horrors (shapeshifter) (D:15)
  2 lindwurms (Lair:6)
  A glowing orange brain (D:15)
  A wolf spider zombie (D:15)
  8 orc knights
  A phantasmal warrior (D:14)
  5 ugly things
  4 harpies (D:13)
  A deep elf mage (D:14)
  2 oklob plants
  9 manticores
  2 orc sorcerers
  9 fauns
  3 cyclopes
  16 elephants
  4 black mambas
  A gargoyle (D:15)
  2 merfolk sirens (Shoals:2)
  A guardian serpent (shapeshifter) (D:15)
  2 molten gargoyles (Lair:6)
  2 torpor snails
  16 spiny frogs
  3 rime drakes
  2 yaktaurs (D:14)
  13 komodo dragons
  3 freezing wraiths
  A kobold demonologist (D:13)
  A redback zombie (D:13)
  2 tengu conjurers
  A queen bee (D:8)
  11 merfolk
  A troll (shapeshifter) (D:15)
  2 tyrant leeches (D:13)
  3 polar bears
  3 hornets
  3 trolls
  2 wind drakes (Shoals:2)
  15 hippogriffs
  10 blink frogs
  4 slime creatures (D:15)
  A dream sheep (shapeshifter) (D:15)
  2 snapping turtles (Shoals:2)
  14 dream sheep
  4 vampires
  2 wraiths
  4 wyverns
  Sigmund (D:5)
  39 yaks
  A basilisk (shapeshifter) (D:13)
  4 basilisks
  4 fire elementals (Orc:2)
  4 hungry ghosts
  A steam dragon (Lair:6)
  7 vampire mosquitoes
  A two-headed ogre zombie (D:9)
  Edmund (D:5)
  6 wargs
  3 nagas (Lair:3)
  4 hell hounds
  20 water moccasins
  5 porcupines
  55 orc warriors
  3 ice beasts
  7 phantoms
  2 sky beasts
  3 black bears
  2 eyes of draining
  A necrophage (D:5)
  A tengu (shapeshifter) (D:15)
  18 ogres
  8 centaurs
  7 wolves
  12 crocodiles
  Blork the orc (D:4)
  20 bullfrogs
  A big kobold (D:13)
  An elf zombie (Ossuary)
  3 wyvern zombies
  A gnoll sergeant (D:6)
  A wyvern skeleton (D:14)
  3 scorpions
  3 troll zombies (D:9)
  A water moccasin zombie (D:5)
  19 killer bees
  4 wights (D:6)
  2 howler monkeys
  9 crimson imps
  4 lava snakes (Lair:6)
  A quasit (D:14)
  6 centaur zombies
  16 orc priests
  7 hounds
  2 bullfrog skeletons
  18 jellies
  2 human zombies (Ossuary)
  A gnoll shaman (Orc:2)
  3 centaur skeletons
  6 iguanas
  Ijyb (D:5)
  22 orc wizards
  17 worker ants
  A big kobold zombie (Ossuary)
  4 ogre zombies (D:9)
  2 hound skeletons
  2 mummies (Ossuary)
  13 gnolls
  2 worker ant zombies
  13 adders
  6 shadow imps
  4 oozes
  5 adder zombies
  An adder skeleton (D:9)
  4 worms
  2 dart slugs (D:2)
  4 leopard geckos
  75 orcs
  6 giant cockroaches
  5 goblins
  10 hobgoblins
  5 jackals
  6 kobolds
  2 quokkas
  2 ball pythons
  5 bats
  4 frilled lizards
  3 goblin skeletons (D:9)
  A goblin zombie (D:9)
  4 hobgoblin skeletons (D:9)
  12 hobgoblin zombies
  A jackal zombie (Ossuary)
  4 kobold zombies (Ossuary)
  An orc skeleton (D:9)
  24 orc zombies
  3 rats
  2 rat zombies (Ossuary)
  A fungus (Lair:5)
  2 plants
895 creatures vanquished.

Vanquished Creatures (others)
  A centaur warrior (Orc:2)
  2 orcs (Orc:2)
  A bush (Lair:3)
  14 fungi
  7 plants
25 creatures vanquished.

Grand Total: 920 creatures vanquished

Notes
Turn   | Place    | Note
-------+----------+-------------------------------------------
     0 | D:1      | Curus the Merfolk Gladiator began the quest for the Orb.
     0 | D:1      | Reached XP level 1. HP: 16/16 MP: 1/1
    33 | D:1      | Reached skill level 5 in Polearms
    46 | D:1      | Reached XP level 2. HP: 22/22 MP: 2/2
   781 | D:2      | Reached XP level 3. HP: 19/27 MP: 3/3
   796 | D:2      | Found a faded altar of an unknown god.
   931 | D:2      | Reached XP level 4. HP: 21/33 MP: 4/4
   981 | D:2      | Found an ornate altar of the Wu Jian Council.
  1338 | D:2      | HP: 1/33 [poisoned by an adder]
  1352 | D:2      | Reached XP level 5. HP: 7/38 MP: 5/5
  2008 | D:4      | Noticed a phantom
  2045 | D:4      | Killed a phantom
  2045 | D:4      | Reached XP level 6. HP: 15/44 MP: 6/6
  2299 | D:4      | Reached skill level 10 in Polearms
  2724 | D:4      | Reached XP level 7. HP: 36/50 MP: 7/7
  2763 | D:4      | Noticed Blork the orc
  2775 | D:4      | Killed Blork the orc
  2980 | D:5      | Entered Level 5 of the Dungeon
  3186 | D:5      | Reached XP level 8. HP: 50/56 MP: 8/8
  3452 | D:5      | Noticed Ijyb
  3464 | D:5      | Killed Ijyb
  3945 | D:5      | Noticed Edmund
  3966 | D:5      | Killed Edmund
  3972 | D:5      | Noticed Sigmund
  3986 | D:5      | Killed Sigmund
  3986 | D:5      | Reached skill level 5 in Dodging
  4202 | D:6      | Reached skill level 6 in Dodging
  4431 | D:6      | Reached XP level 9. HP: 66/66 MP: 9/9
  4485 | D:6      | Found a shadowy altar of Dithmenos.
  4511 | D:6      | Reached skill level 5 in Fighting
  4516 | D:6      | Found a staircase to the Ecumenical Temple.
  4539 | Temple   | Entered the Ecumenical Temple
  4571 | Temple   | Became a worshipper of Warmaster Okawaru
  4716 | D:6      | Reached skill level 7 in Dodging
  5563 | D:7      | Reached skill level 8 in Dodging
  5610 | D:7      | Found a hazy altar of Hepliaklqana.
  6172 | D:8      | Found a sand-covered staircase.
  6178 | Ossuary  | Entered an ossuary
  6385 | Ossuary  | Reached skill level 9 in Dodging
  6499 | D:8      | Noticed a two-headed ogre
  6520 | D:8      | Killed a two-headed ogre
  6520 | D:8      | Reached * piety under Okawaru
  6520 | D:8      | Reached skill level 10 in Dodging
  6520 | D:8      | Reached XP level 10. HP: 25/80 MP: 10/10
  6822 | D:8      | Reached ** piety under Okawaru
  6961 | D:8      | Reached skill level 11 in Dodging
  7573 | D:9      | Noticed a red ugly thing
  7598 | D:9      | HP: 4/83 [red ugly thing (7)]
  7603 | D:9      | Killed a red ugly thing
  7603 | D:9      | Reached *** piety under Okawaru
  8118 | D:9      | Reached skill level 10 in Fighting
  8118 | D:9      | Reached skill level 12 in Dodging
  8592 | D:9      | Found a staircase to the Orcish Mines.
  8674 | D:9      | Reached XP level 11. HP: 40/92 MP: 11/11
  8700 | D:9      | HP: 4/92 [troll (7)]
  9069 | D:9      | Reached **** piety under Okawaru
  9485 | D:9      | Found a basalt altar of Yredelemnul.
  9485 | D:9      | Found a faded altar of an unknown god.
  9490 | D:9      | Found a hide-covered altar of Uskayaw.
  9506 | D:9      | Reached skill level 13 in Dodging
  9566 | D:9      | Found a burning altar of Makhleb.
  9568 | D:9      | Found a stormy altar of Qazlal.
  9629 | D:10     | Entered Level 10 of the Dungeon
  9871 | D:10     | Noticed Nergalle
  9906 | D:10     | Killed Nergalle
  9906 | D:10     | Reached ***** piety under Okawaru
 10026 | D:10     | Found a staircase to the Lair.
 10039 | Lair:1   | Entered Level 1 of the Lair of Beasts
 10243 | Lair:1   | Reached skill level 1 in Shields
 10243 | Lair:1   | Reached skill level 1 in Invocations
 10243 | Lair:1   | Reached skill level 1 in Evocations
 10605 | Lair:1   | Noticed an oklob plant
 10639 | Lair:1   | Killed an oklob plant
 10639 | Lair:1   | Received a gift from Okawaru
 11289 | Lair:1   | Received a gift from Okawaru
 11603 | Lair:1   | Reached XP level 12. HP: 54/100 MP: 14/14
 11975 | Lair:2   | Reached skill level 5 in Invocations
 12417 | Lair:2   | Reached skill level 5 in Evocations
 12498 | Lair:2   | Found a staircase to the Shoals.
 13506 | Lair:3   | Identified the Reference Book on Damaging Summoning
 13708 | Lair:3   | Found a staircase to the Snake Pit.
 14212 | Lair:3   | Noticed a death yak
 14212 | Lair:3   | Noticed a death yak
 14278 | Lair:2   | Killed a death yak
 14623 | Lair:3   | Killed a death yak
 14761 | Lair:3   | Found the cursed +13 scythe of Curses {drain, *Curse}
 15101 | Lair:4   | Reached ****** piety under Okawaru
 15101 | Lair:4   | Reached skill level 14 in Dodging
 15117 | Lair:4   | Received a gift from Okawaru
 15142 | Lair:4   | Reached XP level 13. HP: 85/107 MP: 19/19
 16608 | Lair:3   | Reached skill level 15 in Dodging
 17365 | Lair:5   | HP: 5/109 [poisoned by a water moccasin]
 17371 | Lair:5   | HP: 4/109 [poisoned by a water moccasin]
 17379 | Lair:5   | HP: 4/109 [poisoned by a water moccasin]
 18273 | Lair:4   | Received a gift from Okawaru
 18740 | Lair:5   | Reached skill level 16 in Dodging
 18838 | Lair:5   | Found a staircase to the Slime Pits.
 19376 | D:10     | Got a pair of crude gloves
 19387 | D:10     | Identified the +2 pair of gloves "Ywneuhyme" {rElec} (You
                  | found it on level 10 of the Dungeon)
 19601 | D:10     | Got a distressingly furry leather armour
 19612 | D:10     | Identified the cursed +0 leather armour of Valiance {Int+2}
                  | (You found it on level 10 of the Dungeon)
 19723 | D:11     | Found Amo Satt's Assorted Antiques.
 19731 | D:11     | Bought a scroll of enchant armour for 210 gold pieces
 19731 | D:11     | Bought a potion of might for 112 gold pieces
 19863 | D:11     | Gained mutation: You have a pair of small horns on your
                  | head. [potion of mutation]
 19863 | D:11     | Gained mutation: Your natural rate of healing is unusually
                  | fast. [potion of mutation]
 19863 | D:11     | Gained mutation: You are partially covered in large bone
                  | plates. (SH +4) [potion of mutation]
 19879 | D:11     | Found a sacrificial altar of Ru.
 19988 | D:11     | Received a gift from Okawaru
 20022 | D:11     | Noticed Gastronok
 20224 | D:11     | Found Rituskew's Book Boutique.
 20250 | D:11     | Killed Gastronok
 20250 | D:11     | Reached XP level 14. HP: 120/120 MP: 20/20
 20869 | D:12     | Reached skill level 17 in Dodging
 21190 | D:12     | Received a gift from Okawaru
 21253 | D:12     | You fall into a shaft and drop 3 floors!
 21253 | D:15     | Entered Level 15 of the Dungeon
 21405 | D:13     | Noticed a vampire knight
 21417 | D:13     | Noticed a vampire knight
 22113 | Lair:6   | Entered Level 6 of the Lair of Beasts
 22127 | Lair:5   | Reached skill level 15 in Fighting
 22473 | Lair:6   | Reached skill level 18 in Dodging
 22573 | Lair:6   | Found the +4 dagger "Morg" {pain, MR+ Int+5}
 22574 | Lair:6   | Found a large runed translucent door.
 22629 | Lair:6   | Received a gift from Okawaru
 22667 | Lair:6   | Found a large runed translucent door.
 22859 | Lair:6   | Reached XP level 15. HP: 63/130 MP: 21/21
 23791 | Lair:6   | Received a gift from Okawaru
 23963 | Orc:1    | Entered Level 1 of the Orcish Mines
 24098 | Orc:1    | You fall into a shaft and drop 1 floor!
 24098 | Orc:2    | Entered Level 2 of the Orcish Mines
 24334 | Orc:2    | Found a staircase to the Elven Halls.
 24608 | Orc:1    | Noticed an orc warlord
 24639 | Orc:1    | Killed an orc warlord
 24824 | Orc:1    | Found a roughly hewn altar of Beogh.
 25192 | Orc:1    | Found a bloodstained altar of Trog.
 25351 | Orc:2    | Reached skill level 10 in Evocations
 25390 | Orc:2    | Noticed Azrael
 25396 | Orc:2    | Found Gilune's Antique Weapon Boutique.
 25412 | Orc:2    | Killed Azrael
 25440 | Orc:2    | Found Zyamn's Food Emporium.
 25440 | Orc:2    | Found Itidd's Assorted Antiques.
 25445 | Orc:2    | Found Hoghyf's Jewellery Shoppe.
 25449 | Orc:2    | Bought an uncursed ring of protection from magic for 350
                  | gold pieces
 25449 | Orc:2    | Bought a cursed ring of attention for 63 gold pieces
 25452 | Orc:2    | Bought a phantom mirror for 690 gold pieces
 25452 | Orc:2    | Bought a potion of curing for 69 gold pieces
 26275 | D:13     | Received a gift from Okawaru
 26330 | D:13     | Found the +12 Vampire's Tooth {vamp}
 26468 | D:13     | You fall into a shaft and drop 2 floors!
 26534 | D:15     | Received a gift from Okawaru
 26727 | D:15     | Reached XP level 16. HP: 129/138 MP: 25/25
 26784 | D:14     | Noticed Nessos
 26791 | D:14     | Killed Nessos
 27601 | D:14     | Found Veseu's Antique Armour Boutique.
 27603 | D:14     | Noticed Frances
 27623 | D:14     | Killed Frances
 27633 | D:14     | Received a gift from Okawaru
 27688 | D:14     | Found a hide-covered altar of Uskayaw.
 27869 | D:14     | Found an iron altar of Okawaru.
 27915 | D:14     | Found a gate to the Vaults.
 28298 | D:15     | Found a staircase to the Depths.
 28884 | Shoals:1 | Entered Level 1 of the Shoals
 29023 | Shoals:1 | Reached skill level 19 in Dodging
 29126 | Shoals:1 | Found the -2 hat of the Alchemist {rElec rPois rF+ rC+ rN+
                  | MR+ rMut rCorr}
 29244 | Shoals:1 | Received a gift from Okawaru
 29818 | Shoals:2 | Found a runed translucent door.
 29840 | Shoals:2 | Noticed tamionv's ghost (adept TrMo)
 30024 | Shoals:2 | Found Sprimn's Superlative Supplies.
 30054 | Shoals:2 | Bought a scarf of cloud immunity for 112 gold pieces
 30054 | Shoals:2 | Bought a scroll of silence for 120 gold pieces
 30054 | Shoals:2 | Bought a scroll of summoning for 152 gold pieces
 30203 | Shoals:2 | Reached XP level 17. HP: 83/146 MP: 28/28
 30374 | Shoals:2 | Noticed a kraken
 30397 | Shoals:2 | Mangled by a kraken

Levels and vault maps discovered:
D:1:      saegor_arrival_simple_b, layout_basic, chequers_serial_rivers_small_a
D:2:      layout_rooms, lemuel_doored_altar, chequers_ecumenical_altar_simple
D:3:      layout_rooms
D:4:      layout_basic, uniq_blork_the_orc
D:5:      layout_loops_cross, first_ration, st_stairs_5,
          sigmund_edmund_badplayer, uniq_ijyb
D:6:      layout_basic, temple_fountains, nicolae_dithmenos_shadow_blocks
D:7:      layout_gridville, lemuel_crystal_altar, minmay_misc_feat_chi
D:8:      layout_basic, nicolae_ossuary_entry_plus, david_nohive_1
D:9:      layout_big_octagon, chequers_temple_overflow_minitemple,
          zombieorc2_lemuel
D:10:     layout_gridville, lair_entry_dummy, uniq_nergalle
D:11:     layout_irregular_city, serial_shops, shop_fountains,
          nicolae_shop_competitors_out_of_business,
          nicolae_ru_sacrificial_ziggurat, uniq_gastronok
D:12:     layout_cave_pools
D:13:     layout_basic, gauntlet_entry_generic,
          minmay_guarded_unrand_vampires_tooth
D:14:     layout_roguey, david_vaults_2, serial_shops, nicolae_shop_waterfront,
          hangedman_abyss_or_decor_passed, chequers_mini_garden,
          hangedman_feature_mirror, uniq_frances, uniq_nessos
D:15:     gammafunk_enter_depths_forms, layout_basic,
          hangedman_decor_peaks_small
Temple:   regret_index_temple_sphere_string
Lair:1:   layout_gridlike, minmay_lair_oklob_chamber, grunt_megastairs_4
Lair:2:   layout_layer_cave, minmay_shoals_entry_beasts, st_stairs_7,
          chequers_serial_rivers_small_a, chequers_serial_rivers_micro_c
Lair:3:   layout_regular_city, minmay_snake_entry_guardpost_small
Lair:4:   layout_regular_city, hibernation_bobbens, grunt_megastairs_5
Lair:5:   layout_small_grid, minmay_slime_entry_jelly_boxes
Lair:6:   cheibrodos_lair_end_hotspot, layout_regular_city
Shoals:1: layout_shoals
Shoals:2: layout_shoals, ebering_ghost_reflecting_pool, nicolae_alphabet_shops
Orc:1:    orc_temple, layout_caves, trog_butcher_becter
Orc:2:    st_orc_rangers, layout_caves, uniq_azrael

Skill      XL: |  1  2  3  4  5  6  7  8  9 10 11 12 13 14 15 16 |
---------------+-------------------------------------------------+-----
Polearms       | 5 6 7 8 9 11 12 14 | 14.0
Fighting       | 4 8 10 11 14 15 16 | 16.9
Dodging        | 6 10 12 13 14 16 18 19 | 19.7
Shields        | 3 4 |  4.0
Invocations    | 3 8 |  8.1
Evocations     | 3 7 12 14 | 14.9
Throwing       | |  2.0

Action                   |  1- 3 |  4- 6 |  7- 9 | 10-12 | 13-15 | 16-18 || total
-------------------------+-------+-------+-------+-------+-------+-------++-------
Melee: Trident           |    85 |   206 |   637 |  1424 |   105 |       ||  2457
       Glaive            |       |       |       |       |   593 |       ||   593
       Headbutt          |       |       |       |       |   261 |   140 ||   401
       Demon trident     |       |       |       |       |   919 |   599 ||  1518
       Tailslap          |       |       |       |       |       |    15 ||    15
Throw: Throwing net      |       |       |     1 |     2 |     2 |       ||     5
Invok: Heroism           |       |       |       |     5 |     4 |     1 ||    10
Evoke: Wand              |       |       |     4 |     5 |    17 |     2 ||    28
       Box of beasts     |       |       |       |     1 |       |       ||     1
  Use: Scroll            |     4 |     3 |     5 |     6 |    15 |     3 ||    36
       Potion            |     5 |     5 |     6 |     7 |     3 |       ||    26
 Stab: Sleeping          |       |     1 |     2 |     5 |     5 |       ||    13
       Distracted        |       |     1 |       |     2 |     1 |       ||     4
       Paralysed         |       |       |       |       |       |     4 ||     4
  Eat: Chunk             |       |     6 |     8 |    10 |    42 |     3 ||    69
       Ration            |       |       |     1 |     7 |     2 |       ||    10
Armor: Leather armour    |    18 |    31 |    66 |    93 |   104 |       ||   312
       Troll leather arm |       |       |       |       |    27 |    33 ||    60
Dodge: Dodged            |    59 |   112 |   213 |   791 |  1126 |   252 ||  2553
Block: Buckler           |     1 |    24 |    71 |   229 |   361 |   206 ||   892
       Other             |       |       |       |       |    43 |       ||    43
